cohdb
Replays
Latest Replays
All Replays
Popular Replays
Top Player Replays
Match Explorer
How It Works
Community
CoH3 Stats
Reddit
Sign in to upload your games and track your stats! →
Sign in with Steam
Match 47341011
Unlisted
Match 47341011
Overview
Messages
Build Orders
End
Kradschützen Motorcycle Team
Panzerpioneer Squad
Selects Panzerjäger Kommand Battlegroup
Selects Blockade Equipment
Panzerpioneer Squad
Construct Light Support Kompanie
Panzerjäger Squad
2.5-tonne Medical Truck
Fire Support Elements
Selects Defensive Positions
Forward Retreat Point
Flakvierling Half-track
Panzerjäger Squad
Selects Tank Busters
Veteran Squad Leaders
Vehicle Survival Package
Tungsten Core Ammunition
Construct Panzerarmee Kommand
Armored Reserves
Rapid Advance
Selects Butterfly Bomb Drop
Otter
蟑螂恶霸
Nord
Cuttlefish
FestiveLongJohns
NiuZeta
Si2slow
SASU
0
0
Comments
sign in to comment!
No comments posted yet!